 Dungeon Crawl Stone Soup version 0.24.0-13-gcf9b319 (webtiles) character file.

Game seed: 11453557180618503658, levelgen mode: deterministic

166 silenth the Poker (level 5, 0/42 HPs)
             Began as a Merfolk Gladiator on Jan 23, 2020.
             Killed by nerve-wracking pain
             ... invoked by an orc priest
              (13 damage)
             ... on level 3 of the Dungeon.
             The game lasted 00:03:52 (2247 turns).

silenth the Poker (Merfolk Gladiator)               Turns: 2247, Time: 00:03:52

Health: 0/42       AC: 10    Str: 15    XL:     5   Next: 47%
Magic:  14/14      EV: 11    Int:  7    God:
Gold:   100        SH:  0    Dex: 16    Spells: 4/4 levels left

rFire    . . .     SeeInvis .   a - +0 trident
rCold    . . .     Gourm    .   (no shield)
rNeg     . . .     Faith    +   h - +0 scale mail
rPois    .         Spirit   .   c - +0 helmet
rElec    .         Reflect  .   s - +0 cloak
rCorr    .         Harm     .   p - +1 pair of gloves
MR       .....                  (no boots)
Stlth    ..........             r - amulet of faith
HPRegen  0.14/turn              n - ring of magical power
MPRegen  0.14/turn              (no ring)

@: no status effects
A: change form in water, swift swim, stealthy swim
a: no special abilities


You were on level 3 of the Dungeon.
You were hungry.

You visited 1 branch of the dungeon, and saw 3 of its levels.

You collected 100 gold pieces.

Inventory:

Hand Weapons
 a - a +0 trident (weapon)
Missiles
 d - 3 throwing nets (quivered)
Armour
 b - a +0 leather armour
 c - a +0 helmet (worn)
 h - a +0 scale mail (worn)
 p - a +1 pair of gloves (worn)
 s - a +0 cloak (worn)
Jewellery
 n - a ring of magical power (left hand)
 r - an amulet of faith (around neck)
Scrolls
 f - a scroll of blinking {unknown}
 g - a scroll of fog {unknown}
 l - a scroll of remove curse {unknown}
 o - a scroll of random uselessness {unknown}
 t - a scroll of immolation {unknown}
Potions
 j - a potion of resistance
 k - a potion of magic
 m - a potion of brilliance {unknown}
 q - a potion of haste {unknown}
Comestibles
 e - 8 rations


   Skills:
 + Level 3.8 Fighting
 * Level 7.5 Polearms
 - Level 2.0 Throwing
 - Level 4.0 Dodging


You had 4 spell levels left.
You didn't know any spells.
Your spell library was empty.

Dungeon Overview and Level Annotations

Branches:
Dungeon (3/15)

Altars:
Nemelex Xobeh
Wu Jian

Annotations:
D:3 1 runed translucent door, rhet's ghost, amateur DrTm


Message History

Beogh smites you!
You are too injured to fight recklessly!
You are too injured to fight recklessly!
You are too injured to fight recklessly!
You are too injured to fight recklessly!
You are too injured to fight recklessly!
You are too injured to fight recklessly!
You are too injured to fight recklessly!
You are too injured to fight recklessly!
You are too injured to fight recklessly!
You are too injured to fight recklessly!
You are too injured to fight recklessly!
You are too injured to fight recklessly!
You are too injured to fight recklessly!
You are too injured to fight recklessly!
You closely miss the orc priest.
The orc priest is moderately wounded.
The orc priest calls down the wrath of Beogh upon you.
Pain shoots through your body!
You die...

.#.## ##........#.##
....###........###.#
..░(░#..###.##..#.###...
...⚑.(#.###.##>.......#
##░.░#...##.###########
#............#
#.###...#..#.#
#......#...#.#######
#............).@oo.#
##...###....#.#####.#
.....##.....#[#
........>...#.#
.##.###....##.# .##.#
##.#....# .##.# #.####.#
.##.# # #.. .##.# ...


You could see an orc priest and an orc.

Vanquished Creatures
  An orc priest (D:3)
  Jessica (D:3)
  4 adders
  A worm (D:2)
  A dart slug (D:1)
  2 leopard geckos
  7 orcs (D:3)
  2 giant cockroaches
  7 goblins
  6 hobgoblins
  3 jackals (D:2)
  7 kobolds
  3 quokkas
  5 bats
  8 frilled lizards
  4 rats
62 creatures vanquished.

Notes
Turn   | Place    | Note
-------+----------+-------------------------------------------
     0 | D:1      | silenth the Merfolk Gladiator began the quest for the Orb.
     0 | D:1      | Reached XP level 1. HP: 16/16 MP: 1/1
   105 | D:1      | Reached XP level 2. HP: 23/23 MP: 2/2
   111 | D:1      | Reached skill level 5 in Polearms
   717 | D:2      | Reached XP level 3. HP: 26/28 MP: 3/3
   826 | D:2      | Found a sparkling altar of Nemelex Xobeh.
  1027 | D:2      | Reached skill level 6 in Polearms
  1029 | D:2      | Reached skill level 3 in Fighting
  1075 | D:2      | Reached XP level 4. HP: 24/35 MP: 4/4
  1639 | D:3      | Found a runed translucent door.
  1639 | D:3      | Noticed rhet's ghost (amateur DrTm)
  1654 | D:3      | Noticed Jessica
  1689 | D:3      | Killed Jessica
  1689 | D:3      | Reached skill level 7 in Polearms
  1689 | D:3      | Reached XP level 5. HP: 19/41 MP: 5/5
  1926 | D:3      | HP: 3/41 [orc/+0 whip (3)]
  2206 | D:3      | Found an ornate altar of the Wu Jian Council.
  2247 | D:3      | Killed from afar by an orc priest

Levels and vault maps discovered:
D:1:      dpeg_arrival_rooms_b, layout_basic
D:2:      minmay_diamond_boxcup, layout_basic, first_ration,
          nemelex_diamond_rough_becter
D:3:      layout_loops_ring, marbit_many_paths, lemuel_crystal_altar,
          hellmonk_ghost_happy_afterlife, uniq_jessica

Skill      XL: |  1  2  3  4 |
---------------+-------------+-----
Polearms       | 5 6 7 |  7.5
Fighting       | 3 |  3.8
Throwing       | |  2.0
Dodging        | |  4.0

Action                   |  1- 3 |  4- 6 || total
-------------------------+-------+-------++-------
Melee: Trident           |   114 |   111 ||   225
  Use: Potion            |       |     3 ||     3
       Scroll            |       |     2 ||     2
 Stab: Sleeping          |     3 |     1 ||     4
  Eat: Chunk             |       |     4 ||     4
Armor: Leather armour    |    25 |    16 ||    41
       Scale mail        |       |     3 ||     3
Dodge: Dodged            |    76 |    69 ||   145
